 Dungeon Crawl Stone Soup version 0.31-a0-303-gdc8c9485ea (webtiles) character file.

Game seed: 17806186235865120875

449 cforsyth the Changeling (level 7, -2/61 HPs)
             Began as a Meteoran Shapeshifter on July 16, 2023.
             Slain by Edmund
             ... wielding a +3 flail of venom
              (10 damage)
             ... on level 6 of the Dungeon.
             The game lasted 00:07:15 (1430 turns).

cforsyth the Changeling (Meteoran Shapeshifter)     Turns: 1430, Time: 00:07:15

Health: -2/61      AC:  2    Str: 18 (19) XL:     7   Next: 50%
Magic:  8/8        EV: 12    Int:  9 (10) God:
Gold:   99         SH:  0    Dex: 11 (14) Spells: 6/6 levels left

rFire   . .          .
                       - Unarmed
rCold   . . .        (no shield)
rNeg    . . .        a - +0 animal skin
rPois   .            (helmet currently unavailable)
rElec   .            (cloak currently unavailable)
rCorr   .            (gloves currently unavailable)
SInv    .            (boots currently unavailable)
Will    .....        (no amulet)
Stlth   +            (no ring)
HPRegen 1.10/turn    (no ring)
MPRegen 0.11/turn

%: no passive effects
@: mighty, brilliant, lethally poisoned (-2 -> -7), beast-form, glowing
A: beast (slay +3), sense surroundings 1, otherworldly, glowing, explore regen,
horns 2, regeneration 1
a: Begin Untransformation


You were on level 6 of the Dungeon.
You were a hulking beast.
You visited 1 branch of the dungeon, and saw 6 of its levels.

You collected 99 gold pieces.

Inventory:

Missiles
 m - a throwing net
Armour
 a - a +0 animal skin (worn)
 i - a +2 pair of gloves
 o - a +2 pair of gloves
Jewellery
 l - a ring of wizardry
Talismans
 c - a beast talisman
Scrolls
 b - a scroll of brand weapon {unknown}
 f - a scroll of fog {unknown}
 h - 2 scrolls of teleportation
 j - 2 scrolls of identify {unknown}
 p - a scroll of poison {unknown}
Potions
 d - 2 potions of mutation
 e - a potion of heal wounds
 k - a potion of brilliance


   Skills:
 + Level 5.0 Fighting
 - Level 2.4 Dodging
 + Level 5.3 Unarmed Combat
 + Level 5.4 Shapeshifting


You had 6 spell levels left.
You didn't know any spells.
Your spell library contained the following spells:

 Spells                   Type           Power      Damage    Failure   Level
 Freeze                   Ice            0%         1d3       38%         1
 Frozen Ramparts          Ice            0%         1d1       77%         3
 Hailstorm                Conj/Ice       0%         3d3       77%         3
 Summon Guardian Golem    Hex/Summ       0%         N/A       77%         3
 Orb of Destruction       Conj           0%         9d5       100%        7
 Spellforged Servitor     Conj/Summ      0%         N/A       100%        7


Dungeon Overview and Level Annotations

Branches:
Dungeon (6/15) Zot: 2181
 Temple: D:4-7

Altars:
Xom
The Shining One

Annotations:
D:6 Edmund


Innate Abilities, Weirdness & Mutations

You are a hulking beast.
Your limbs bulge with bestial killing power. (Slay +3)
You passively map a small area around you.
You are easily found by Zot.
You glow in the dark.
You regain HP and MP as you explore.
You have a pair of horns on your head.
Your natural rate of healing is unusually fast.


Message History

You feel very sick.
Edmund hits you with a +3 flail of venom!
You punch Edmund!
Edmund is moderately wounded.
You feel very sick. Edmund closely misses you.
You barely miss Edmund. You headbutt Edmund.
Edmund is moderately wounded.
You feel very sick.
You closely miss Edmund.
Edmund is moderately wounded.
You feel sick.
Edmund hits you with a +3 flail of venom!
You are more poisoned.
You barely miss Edmund.
Edmund is moderately wounded.
You feel very sick. Edmund closely misses you.
You hit Edmund. Your headbutt misses Edmund.
Edmund is heavily wounded.
You feel very sick. Edmund barely misses you.
You barely miss Edmund.
Edmund is heavily wounded.
You feel very sick.
Edmund hits you with a +3 flail of venom.
* * * LOW HITPOINT WARNING * * *
You are more poisoned.
It was a potion of might.
You feel very mighty all of a sudden.
* * * LOW HITPOINT WARNING * * *
You feel very sick. Edmund barely misses you.
It was a potion of degeneration.
There was something very wrong with that liquid.
You feel weakened.
You feel dopey.
You feel clumsy.
* * * LOW HITPOINT WARNING * * *
You feel very sick.
Edmund hits you with a +3 flail of venom!
You die...

#.............#, .# ,
, #...).....†...#> ..#
* , , #......#..##.##
..#* + **
############.###..##..
, * #..........,
##.......... , ,,
#....##..##,,
####@##..##!.
#..h....$..
#..........
#.......... ,
#.......... ,*
##...###### ##### * ,
,


You could see Edmund.

Vanquished Creatures
  2 ogres
  A gnoll bouda (D:5)
  2 iguanas
  An orc wizard (D:4)
  7 adders
  3 gnolls (D:5)
  A shadow imp (D:6)
  3 dart slugs
  11 orcs
  4 ball pythons
  5 endoplasms
  3 giant cockroaches
  3 goblins
  3 hobgoblins
  6 jackals (D:2)
  3 quokkas
  3 bats
  A frilled lizard (D:1)
  5 kobolds
  A rat (D:3)
68 creatures vanquished.

Notes
Turn   | Place    | Note
-------+----------+-------------------------------------------
     0 | D:1      | cforsyth the Meteoran Shapeshifter began the quest for the
                  | Orb.
     0 | D:1      | Reached XP level 1. HP: 17/17 MP: 2/2
    63 | D:1      | Reached XP level 2. HP: 15/25 MP: 3/3
   173 | D:1      | Reached XP level 3. HP: 30/30 MP: 4/4
   489 | D:2      | HP: 1/31 [jackal (2)]
   492 | D:2      | Gained mutation: You have a pair of small horns on your
                  | head. [potion of mutation]
   492 | D:2      | Gained mutation: You have a pair of horns on your head.
                  | [potion of mutation]
   492 | D:2      | Gained mutation: Your natural rate of healing is unusually
                  | fast. [potion of mutation]
   497 | D:2      | HP: 2/46 [jackal (2)]
   505 | D:2      | Reached XP level 4. HP: 12/38 MP: 5/5
   646 | D:2      | Identified the -2 pair of boots of the Cricket {Str+3
                  | Int+3}
   717 | D:3      | Found Olil's Book Boutique.
   783 | D:3      | Found a shimmering altar of Xom.
   908 | D:4      | Reached XP level 5. HP: 45/45 MP: 6/6
   978 | D:3      | Found a glowing golden altar of the Shining One.
  1133 | D:4      | Noticed an ogre
  1140 | D:4      | Killed an ogre
  1141 | D:4      | Reached XP level 6. HP: 26/52 MP: 7/7
  1163 | D:5      | Entered Level 5 of the Dungeon
  1176 | D:5      | Reached skill level 5 in Shapeshifting
  1270 | D:5      | Reached XP level 7. HP: 18/60 MP: 8/8
  1359 | D:6      | Reached skill level 5 in Unarmed Combat
  1404 | D:6      | Reached skill level 5 in Fighting
  1413 | D:6      | Noticed Edmund
  1430 | D:6      | Slain by Edmund

Illustrated notes

Levels and vault maps discovered:
D:1:      sevenhm_arrival_forest_fort_small_5, layout_basic
D:2:      layout_basic
D:3:      layout_basic, lemuel_crystal_altar,
          mainiacjoe_overflow_six_doors_small, serial_shops, shop,
          chequers_garden
D:4:      layout_loops_ring, nemelex_spade_bored_becter,
          chequers_serial_rivers_small_3
D:5:      layout_gridville, cheibrodos_ashenzari_chains, lemuel_tele_altar,
          uniq_prince_ribbit1
D:6:      layout_gridville, minmay_temple_entry_glassed_door, uniq_edmund

Skill      XL: |  1  2  3  4  5  6  7 |
---------------+----------------------+-----
Unarmed Combat | 3 4 5 |  5.3
Shapeshifting  | 4 5 |  5.4
Fighting       | 3 4 5 |  5.0
Dodging        | |  2.4

Action                     |  1- 3 |  4- 6 |  7- 9 || total
---------------------------+-------+-------+-------++-------
  Melee: Unarmed           |    85 |    89 |    27 ||   201
         Punch             |     2 |     3 |     2 ||     7
         Headbutt          |       |    14 |     7 ||    21
    Use: Potion            |     2 |     1 |     3 ||     6
         Scroll            |       |     1 |       ||     1
 Armour: Animal skin       |    21 |     6 |     3 ||    30
         Skin              |     6 |       |       ||     6
  Dodge: Dodged            |    41 |    40 |    11 ||    92

Table legend: (Time is in decaauts)
 A = Elapsed time spent in this place.
 B = Non-inter-level travel time spent in this place.
 C = Inter-level travel time spent in this place.
 D = Time resting spent in this place.
 E = Time spent auto-exploring this place.
 F = Levels seen in this place.
 G = Mean time per level.
                   A        B        C        D        E       F      G
               +--------+--------+--------+--------+--------+-----+--------+
         Total |   1417 |   1417 |      0 |     30 |      4 |   6 |  236.2 |
       Dungeon |   1417 |   1417 |      0 |     30 |      4 |   6 |  236.2 |
               +--------+--------+--------+--------+--------+-----+--------+

Top non-repeatable levels by time:
     D:1: 344 daAuts
     D:2: 318 daAuts
     D:4: 293 daAuts
     D:3: 215 daAuts
     D:5: 173 daAuts
     D:6: 72 daAuts
